 Dungeon Crawl Stone Soup version 0.24-a0-139-geb6712d24a (webtiles) character file.

Game seed: 8875523808119514183

59 MrRokkomies the Cutter (level 4, 0/37 HPs)
             Began as a Kobold Abyssal Knight on Mar 2, 2019.
             Was a Follower of Lugonu.
             Succumbed to an adder's poison
             ... on level 2 of the Dungeon.
             The game lasted 00:05:10 (1698 turns).

MrRokkomies the Cutter (Kobold Abyssal Knight)      Turns: 1698, Time: 00:05:11

Health: 0/37       AC: 22    Str: 10    XL:     4   Next: 22%
Magic:  6/6        EV:  0    Int: 13    God:    Lugonu [*.....]
Gold:   61         SH:  2    Dex: 12    Spells: 3/3 levels left

rFire    . . .     SeeInvis .   a - +1 short sword
rCold    . . .     Gourm    .   (shield restricted)
rNeg     + + +     Faith    .   (armour currently unavailable)
rPois    +         Spirit   .   (helmet currently unavailable)
rElec    .         Reflect  +   (cloak currently unavailable)
rCorr    .         Harm     .   (gloves currently unavailable)
MR       .....     NoTele   +   (boots currently unavailable)
Stlth    +.........             i - +2 amulet of reflection
HPRegen  0.12/turn              (no ring)
MPRegen  0.10/turn              (no ring)

@: lethally poisoned (0 -> -3), tree-form, constricted
A: small, carnivore, clumsy 1, frail 1, MP-powered wands
a: Depart the Abyss, Renounce Religion


You were on level 2 of the Dungeon.
You worshipped Lugonu.
Lugonu was aware of your devotion.
You were not hungry.
You were a tree.
You visited 1 branch of the dungeon, and saw 2 of its levels.
You visited the Abyss 1 time.

You collected 61 gold pieces.

Inventory:

Hand Weapons
 a - a +1 short sword (weapon)
 f - a +0 hunting sling
Missiles
 h - 12 stones (quivered)
 l - 11 poisoned needles
Armour
 b - a +0 leather armour (melded)
Jewellery
 i - a +2 amulet of reflection (around neck)
Scrolls
 e - 2 scrolls of fear {unknown}
 k - a scroll of enchant armour {unknown}
 m - a scroll of remove curse {unknown}
Potions
 d - a potion of brilliance
Comestibles
 c - a ration


   Skills:
 - Level 3.2 Fighting
 * Level 4.3 Short Blades
 - Level 0.7 Armour
 - Level 2.4 Dodging
 * Level 3.4 Invocations


You had 3 spell levels left.
You didn't know any spells.
Your spell library was empty.

Dungeon Overview and Level Annotations

Branches:
Dungeon (2/15)

Altars:


Innate Abilities, Weirdness & Mutations

You are small and have problems with some larger weapons.
You are carnivorous and can eat meat at any time.
((You are partially covered in slimy green scales. (AC +2)))
You are clumsy. (Dex -2)
You are frail. (-10% HP)
You expend magic power (3 MP) to strengthen your wands.


Message History

You feel sick. The adder bites you.
* * * LOW HITPOINT WARNING * * *
The ball python bites you but does no damage.
The ball python constricts you.
You closely miss the adder.
The adder is heavily wounded.
The adder bites you.
* * * LOW HITPOINT WARNING * * *
The ball python bites you.
* * * LOW HITPOINT WARNING * * *
The ball python constricts you.
You miss the adder.
The adder is heavily wounded.
The adder bites you.
* * * LOW HITPOINT WARNING * * *
The ball python bites you but does no damage.
The ball python constricts you. The adder bites you but does no damage.
You barely miss the adder.
The adder is heavily wounded.
You die...

## # .# #. ## .## ..
###+### ###.# ....... #
####...##...≈... #
#.......#..≈.≈[. # ..
+......SSg≈.≈!≈. #
.#####......7#..≈.≈.. #
.....#.......#...≈... #
#..##.#.......#.......
##+#..##.#.......####+###
#.....##.#............#
#.....##.#....#########
#..........####
#...#.##.#.# #........#.#


You could see an adder, a hobgoblin and a ball python.

Vanquished Creatures
  A gnoll (D:1)
  An adder (D:2)
  An ooze (D:1)
  A leopard gecko (D:1)
  2 giant cockroaches
  5 hobgoblins
  6 jackals
  A kobold (D:2)
  2 ball pythons
  5 bats
  2 frilled lizards
  2 goblins
  6 rats
35 creatures vanquished.

Notes
Turn   | Place    | Note
-------+----------+-------------------------------------------
     0 | Abyss:1  | MrRokkomies the Kobold Abyssal Knight began the quest for
                  | the Orb.
     0 | Abyss:1  | Reached XP level 1. HP: 14/14 MP: 2/2
     2 | Abyss:1  | Found a corrupted altar of Lugonu.
    30 | Abyss:1  | Noticed a worldbinder
    36 | Abyss:1  | Noticed a wretched star
    46 | Abyss:1  | Noticed an apocalypse crab
    47 | D:1      | Escaped the Abyss
    96 | D:1      | Reached * piety under Lugonu
    96 | D:1      | Reached skill level 3 in Short Blades
    96 | D:1      | Reached XP level 2. HP: 7/19 MP: 3/3
   555 | D:1      | Reached XP level 3. HP: 23/23 MP: 5/5
  1011 | D:2      | Reached skill level 4 in Short Blades
  1093 | D:2      | Reached XP level 4. HP: 9/28 MP: 6/6
  1695 | D:2      | Gained mutation: You are frail. (-10% HP) [potion of
                  | mutation]
  1695 | D:2      | Gained mutation: You expend magic power (3 MP) to
                  | strengthen your wands. [potion of mutation]
  1695 | D:2      | Gained mutation: You are clumsy. (Dex -2) [potion of
                  | mutation]
  1695 | D:2      | Gained mutation: You are partially covered in slimy green
                  | scales. (AC +2) [potion of mutation]
  1697 | D:2      | HP: 1/37 [adder (1)]
  1698 | D:2      | Succumbed to an adder's poison

Levels and vault maps discovered:
D:1:      mushboom_english_gardens, layout_loops_ring
D:2:      layout_basic, grunt_temple_overflow_gold_and_silver,
          minmay_misc_feat_square, kennysheep_generic_room_10
Abyss:1:  lemuel_flamethrower_3

Skill      XL: |  1  2  3 |
---------------+----------+-----
Short Blades   | 3 4 |  4.3
Invocations    | 3 |  3.4
Fighting       | |  3.2
Armour         | |  0.7
Dodging        | |  2.4

Action                   |  1- 3 |  4- 6 || total
-------------------------+-------+-------++-------
Melee: Short sword       |    94 |    65 ||   159
Throw: Stone             |       |    10 ||    10
Invok: Depart the Abyss  |     1 |       ||     1
  Use: Scroll            |     5 |       ||     5
       Potion            |       |     3 ||     3
 Stab: Sleeping          |     1 |       ||     1
  Eat: Chunk             |       |     5 ||     5
Armor: Leather armour    |    15 |    22 ||    37
       Skin              |       |     9 ||     9
Dodge: Dodged            |    73 |    90 ||   163
Block: Other             |     7 |     9 ||    16

Table legend:
 A = Non-vault XP
 B = Vault XP
 C = Vault XP percentage of total XP
 D = Non-vault monster count
 E = Vault monster count
 F = Vault count percentage of total count
                 A         B        C        D         E       F
            +---------+---------+-------+---------+---------+-------
      Total |      85 |       0 |   0.0 |      35 |       0 |   0.0
            +---------+---------+-------+---------+---------+-------
        D:1 |      42 |       0 |   0.0 |      16 |       0 |   0.0
        D:2 |      43 |       0 |   0.0 |      19 |       0 |   0.0
            +---------+---------+-------+---------+---------+-------
